 Dungeon Crawl Stone Soup version 0.21.0 (webtiles) character file.

107 AgrsvlyMoist the Digger (level 4, -7/24 HPs)
             Began as a Gargoyle Earth Elementalist on July 23, 2018.
             Killed by divine providence
             ... invoked by an orc priest
              (10 damage)
             ... on level 3 of the Dungeon.
             The game lasted 00:12:26 (2688 turns).

AgrsvlyMoist the Digger (GrEE)                      Turns: 2688, Time: 00:12:27

Health: -7/24      AC:  5    Str: 11    XL:     4   Next: 86%
Magic:  1/9        EV: 12    Int: 17    God:
Gold:   117        SH:  0    Dex: 10    Spells: 5/10 levels left

rFire    + + .     SeeInvis .   (no weapon)
rCold    + . .     Gourm    .   (no shield)
rNeg     + . .     Faith    .   i - +0 robe {rC+ rF+}
rPois    ∞         Spirit   .   (no helmet)
rElec    +         Reflect  .   (no cloak)
rCorr    .         Harm     .   (no gloves)
MR       .....                  (no boots)
Stlth    ++........             (no amulet)
HPRegen  0.08/turn              h - ring of protection from fire
MPRegen  0.11/turn              (no ring)

@: no status effects
A: negative energy resistance 1, electricity resistance, unbreathing,
petrification resistance, rot immunity, AC +3
a: no special abilities


You were on level 3 of the Dungeon.
You were not hungry.

You visited 1 branch of the dungeon, and saw 3 of its levels.

You collected 117 gold pieces.

Inventory:

Missiles
 b - 53 stones (quivered)
Armour
 c - a +0 robe
 i - a +0 robe of resistance (worn)
Jewellery
 h - a ring of protection from fire (left hand)
Wands
 p - a wand of disintegration (16)
Scrolls
 a - a scroll of fear
 l - 5 scrolls of teleportation
 m - a scroll of enchant weapon {unknown}
 n - 4 scrolls of remove curse {unknown}
 q - 6 scrolls of amnesia
 r - a scroll of immolation {unknown}
 t - a scroll of enchant armour {unknown}
Potions
 f - 3 potions of curing {unknown}
 g - 2 potions of might {unknown}
 j - a potion of haste {unknown}
 k - a potion of agility {unknown}
 o - a potion of flight {unknown}
Books
 e - a book of Geomancy

   Spells                             Type                      Level
   a - Sandblast                      Earth                        1
   b - Passwall                       Transmutation/Earth          2
   c - Stone Arrow                    Conjuration/Earth            3
   d - Petrify                        Transmutation/Earth          4
   e - Lee's Rapid Deconstruction     Earth                        5
Comestibles
 d - 4 rations


   Skills:
 - Level 1.5 Dodging
 - Level 2.1 Stealth
 + Level 3.7 Spellcasting
 - Level 0.7 Transmutations
 * Level 4.9 Earth Magic


You had 5 spell levels left.
You knew the following spells:

 Your Spells              Type           Power        Failure   Level  Hunger
a - Sandblast             Erth           ###...       1%          1    None
b - Petrify               Tmut/Erth      ##......     45%         4    ####...


Dungeon Overview and Level Annotations

Branches:
Dungeon (3/15)

Altars:


Innate Abilities, Weirdness & Mutations

You are resistant to torment.
Your stone body is resilient. (AC +3)
You are immune to poison.
You resist negative energy. (rN+)
You are resistant to electric shocks. (rElec)
You can survive without breathing.
You are immune to petrification.
You are immune to rotting.


Message History

Casting: Sandblast
Confirm with . or Enter, or press ? or * to list all spells.
Aiming: Sandblast
Press: ? - help, Shift-Dir - straight line, f - orc priest
Aim: an orc priest, wielding a flail The blast of sand hits the orc priest.
The orc priest is moderately wounded.
b - 53 stones The orc priest calls down the wrath of Beogh upon you.
Beogh smites you!
Ouch! That really hurt!
* * * LOW HITPOINT WARNING * * *
The orc priest looks encouraged for a moment.
The orc priest looks satisfied for a moment.
The orc priest looks encouraged for a moment.
Things that are here:
a scale mail; an orc corpse The orc priest mumbles some strange prayers to Beogh against you.
Beogh smites you!
You die...

.......>##.#######.##..#
............. .........
........... .........
.o....... .........
#o##.##.# ##..#..#
#o##.##.#######..#..#
#####.[..............##.#
...........##.............#
##########@##.#######.###.#
#.##.# #.....# #.##.#
#####.# #.##.# #.# #.##.#
#.# #.##.# #.# #.##.# #.#
.....# #.# #.#


You could see an orc priest and an orc.

Vanquished Creatures
  5 adders
  3 worms
  An orc (D:3)
  6 giant cockroaches
  5 goblins
  3 hobgoblins
  3 jackals (D:2)
  8 kobolds
  3 quokkas
  3 ball pythons
  9 bats
  2 frilled lizards
  3 rats
54 creatures vanquished.

Notes
Turn   | Place    | Note
-------+----------+-------------------------------------------
     0 | D:1      | AgrsvlyMoist the Gargoyle Earth Elementalist began the quest for the Orb.
     0 | D:1      | Reached XP level 1. HP: 10/10 MP: 3/3
   238 | D:1      | Reached XP level 2. HP: 15/15 MP: 3/5
   620 | D:1      | Reached skill level 4 in Earth Magic
  1239 | D:1      | You fall through a shaft!
  1248 | D:2      | Reached XP level 3. HP: 19/19 MP: 5/7
  1598 | D:2      | Reached XP level 4. HP: 22/24 MP: 6/9
  2134 | D:2      | Learned a level 4 spell: Petrify
  2688 | D:3      | Killed from afar by an orc priest

Skill      XL: |  1  2  3 |
---------------+----------+-----
Earth Magic    | 4 |  4.9
Spellcasting   | 3 |  3.7
Dodging        | |  1.5
Stealth        | |  2.1
Transmutations | |  0.7

Action                   |  1- 3 |  4- 6 || total
-------------------------+-------+-------++-------
Melee: Unarmed           |     6 |       ||     6
 Cast: Sandblast         |    54 |    36 ||    90
  Use: Scroll            |     5 |       ||     5
  Eat: Chunk             |     2 |     4 ||     6
Armor: Robe              |     2 |     5 ||     7
Dodge: Dodged            |    15 |    11 ||    26
